 Dungeon Crawl Stone Soup version 0.28-a0-677-g3278d6a771 (webtiles) character file.

Game seed: 10486261806822458400

107 Gargoyl the Skirmisher (level 4, -3/41 HPs)
             Began as a Gnoll Abyssal Knight on Oct 18, 2021.
             Was a Follower of Lugonu.
             Splashed by a jelly's acid (7 damage)
             ... on level 2 of the Dungeon.
             The game lasted 00:03:18 (2752 turns).

Gargoyl the Skirmisher (Gnoll Abyssal Knight)       Turns: 2752, Time: 00:03:19

Health: -3/41      AC:  0    Str: 13    XL:     4   Next: 85%
Magic:  7/7        EV: 12    Int: 10    God:    Lugonu [*.....]
Gold:   113        SH:  0    Dex: 12    Spells: 5/5 levels left

rFire   . . .      SeeInvis .   a - +1 hand axe
rCold   . . .      Faith    .   (no shield)
rNeg    . . .      Spirit   .   b - +0 leather armour
rPois   .          Reflect  .   (no helmet)
rElec   .          Harm     .   (no cloak)
rCorr   .          Rampage  .   c - +0 pair of gloves
Will    .....                   (no boots)
Stlth   +.........              (no amulet)
HPRegen 0.13/turn               (no ring)
MPRegen 0.10/turn               (no ring)

@: corroded
A: fangs 1, strong nose, distributed training
a: Renounce Religion, Depart the Abyss


You were on level 2 of the Dungeon.
You worshipped Lugonu.
Lugonu was aware of your devotion.
You visited 1 branch of the dungeon, and saw 3 of its levels.
You visited the Abyss 1 time.

You collected 113 gold pieces.

Inventory:

Hand Weapons
 a - a +1 hand axe (weapon)
 h - a +0 war axe
Armour
 b - a +0 leather armour (worn)
 c - a +0 pair of gloves (worn)
Scrolls
 j - a scroll of magic mapping
 l - a scroll of teleportation
Potions
 d - a potion of brilliance
 e - a potion of might
 f - a potion of heal wounds
 i - a potion of cancellation


   Skills:
 + Level 6.6 Fighting
 + Level 1.2 Short Blades
 + Level 1.2 Long Blades
 + Level 4.7 Axes
 + Level 1.2 Maces & Flails
 + Level 1.2 Polearms
 + Level 1.2 Staves
 + Level 1.2 Slings
 + Level 1.2 Bows
 + Level 1.2 Crossbows
 + Level 1.2 Throwing
 + Level 4.7 Armour
 + Level 2.8 Dodging
 + Level 1.2 Stealth
 + Level 1.2 Shields
 + Level 1.2 Unarmed Combat
 + Level 1.2 Spellcasting
 + Level 1.0 Conjurations
 + Level 1.0 Hexes
 + Level 1.0 Summonings
 + Level 1.0 Necromancy
 + Level 1.0 Translocations
 + Level 1.0 Transmutations
 + Level 1.0 Fire Magic
 + Level 1.0 Ice Magic
 + Level 1.0 Air Magic
 + Level 1.0 Earth Magic
 + Level 1.0 Poison Magic
 + Level 4.7 Invocations
 + Level 1.2 Evocations


You had 5 spell levels left.
You didn't know any spells.
Your spell library contained the following spells:

 Spells                   Type           Power      Damage    Failure   Level
 Conjure Ball Lightning   Conj/Air       1%         3x3d6     100%        6
 Discord                  Hex            1%         N/A       100%        8
 Disjunction              Tloc           1%         N/A       100%        8


Dungeon Overview and Level Annotations

Branches:
Dungeon (3/15)

Altars:


Innate Abilities, Weirdness & Mutations

You have very sharp teeth.
Your uncanny sense of smell can sniff out nearby items.
Your experience applies equally to all skills.


Message History

You throw a poisoned dart.
The poisoned dart completely misses the jelly.
The jelly barely misses you.
Throw: 4 darts (poison)
Press: ? - help, Q - select action, (/) - cycle Shift-Dir - straight line, f/p - jelly
Aim: a jelly (90% to hit)
You throw a poisoned dart. The poisoned dart hits the jelly.
The jelly hits you.
You are splashed with acid!
Unknown command.
Throw: 3 darts (poison)
Press: ? - help, Q - select action, (/) - cycle Shift-Dir - straight line, f/p - jelly
Aim: a jelly (90% to hit)
You throw a poisoned dart. The poisoned dart hits the jelly.
The jelly hits you but does no damage.
Unknown command.
Throw: 2 darts (poison)
Press: ? - help, Q - select action, (/) - cycle Shift-Dir - straight line, f/p - jelly
Aim: a jelly (90% to hit)
You throw a poisoned dart.
The poisoned dart completely misses the jelly.
The jelly completely misses you.
Throw: dart (poison)
Press: ? - help, Q - select action, (/) - cycle Shift-Dir - straight line, f/p - jelly
Aim: a jelly (90% to hit)
You throw a poisoned dart. The poisoned dart hits the jelly.
The jelly is poisoned.
The jelly hits you.
You are splashed with acid!
The jelly looks more healthy.
Unknown command.
You hit the jelly.
Your hands burn!
* * * LOW HITPOINT WARNING * * *
The jelly is severely wounded.
The jelly barely misses you.
You hit the jelly.
Your hands burn!
* * * LOW HITPOINT WARNING * * *
The jelly is severely wounded.
The jelly hits you.
* * * LOW HITPOINT WARNING * * *
The acid corrodes you!
You are splashed with acid!
You die...

#......#...#...(##.####
#......#<#.###>).......
#......+.#...#.)#......
#......#.#..##..#....(.
#......#....##......#..
##'####........######..
#.####................
#.......#############.
#....@J.#..........##.
#.......#..........##.
#.......#..##..##'###.
##......#'######..###.
#......#...#(.#..8###
#......#...#..##...†.
#########..#..##.....
##.('..#..8###
#...####..####


You could see a jelly.

Vanquished Creatures
  3 gnolls (D:2)
  2 adders (D:2)
  2 worms
  A dart slug (D:2)
  2 orcs
  4 ball pythons
  6 bats (D:2)
  5 endoplasms
  A giant cockroach (D:1)
  6 goblins
  3 hobgoblins
  9 kobolds
  A quokka (D:1)
  4 rats
49 creatures vanquished.

Notes
Turn   | Place    | Note
-------+----------+-------------------------------------------
     0 | Abyss:1  | Gargoyl the Gnoll Abyssal Knight began the quest for the
                  | Orb.
     0 | Abyss:1  | Reached XP level 1. HP: 23/23 MP: 3/3
    48 | Abyss:1  | Found a blossoming altar of Fedhas.
    81 | Abyss:1  | Noticed a freezing wraith
   109 | Abyss:1  | Noticed a large abomination
   111 | Abyss:1  | Noticed a flying skull
   113 | Abyss:1  | Noticed a small abomination
   121 | Abyss:1  | Noticed a raiju
   128 | Abyss:1  | Noticed a small abomination
   165 | D:1      | Escaped the Abyss
   474 | D:1      | Reached XP level 2. HP: 28/29 MP: 5/5
   695 | D:1      | Reached * piety under Lugonu
   952 | D:2      | Reached XP level 3. HP: 25/35 MP: 6/6
  1257 | D:2      | Noticed a shining eye
  1259 | D:2      | Found a faded altar of an unknown god.
  1260 | D:2      | Noticed a great orb of eyes
  1260 | D:2      | Noticed a shining eye
  1260 | D:2      | Noticed a shining eye
  1431 | D:2      | Reached skill level 1 in Short Blades
  1431 | D:2      | Reached skill level 1 in Long Blades
  1431 | D:2      | Reached skill level 1 in Maces & Flails
  1431 | D:2      | Reached skill level 1 in Polearms
  1431 | D:2      | Reached skill level 1 in Staves
  1431 | D:2      | Reached skill level 1 in Slings
  1431 | D:2      | Reached skill level 1 in Bows
  1431 | D:2      | Reached skill level 1 in Crossbows
  1431 | D:2      | Reached skill level 1 in Throwing
  1431 | D:2      | Reached skill level 1 in Stealth
  1431 | D:2      | Reached skill level 1 in Shields
  1431 | D:2      | Reached skill level 1 in Unarmed Combat
  1431 | D:2      | Reached skill level 1 in Spellcasting
  1431 | D:2      | Reached skill level 1 in Evocations
  1812 | D:2      | Reached XP level 4. HP: 41/41 MP: 7/7
  2180 | D:2      | Reached skill level 1 in Conjurations
  2180 | D:2      | Reached skill level 1 in Hexes
  2180 | D:2      | Reached skill level 1 in Summonings
  2180 | D:2      | Reached skill level 1 in Necromancy
  2180 | D:2      | Reached skill level 1 in Translocations
  2180 | D:2      | Reached skill level 1 in Transmutations
  2180 | D:2      | Reached skill level 1 in Fire Magic
  2180 | D:2      | Reached skill level 1 in Ice Magic
  2180 | D:2      | Reached skill level 1 in Air Magic
  2180 | D:2      | Reached skill level 1 in Earth Magic
  2180 | D:2      | Reached skill level 1 in Poison Magic
  2290 | D:3      | HP: 2/41 [goblin/stone (1)]
  2752 | D:2      | Splashed by a jelly's acid

Illustrated notes

Levels and vault maps discovered:
D:1:      ncdulo_halloftheorcs, layout_rooms, serial_curves, eino_curves_04,
          eino_curves_02
D:2:      minmay_chambers_of_twos, layout_basic,
          hellmonk_ecumenical_altar_watching_god
D:3:      layout_basic, serial_shops, shop, minmay_misc_feat_iff

Skill      XL: |  1  2  3  4 |
---------------+-------------+-----
Short Blades   | 1 |  1.2
Long Blades    | 1 |  1.2
Maces & Flails | 1 |  1.2
Polearms       | 1 |  1.2
Staves         | 1 |  1.2
Slings         | 1 |  1.2
Bows           | 1 |  1.2
Crossbows      | 1 |  1.2
Throwing       | 1 |  1.2
Stealth        | 1 |  1.2
Shields        | 1 |  1.2
Unarmed Combat | 1 |  1.2
Spellcasting   | 1 |  1.2
Evocations     | 1 |  1.2
Conjurations   | 1 |  1.0
Hexes          | 1 |  1.0
Summonings     | 1 |  1.0
Necromancy     | 1 |  1.0
Translocations | 1 |  1.0
Transmutations | 1 |  1.0
Fire Magic     | 1 |  1.0
Ice Magic      | 1 |  1.0
Air Magic      | 1 |  1.0
Earth Magic    | 1 |  1.0
Poison Magic   | 1 |  1.0
Fighting       | |  6.6
Axes           | |  4.7
Armour         | |  4.7
Dodging        | |  2.8
Invocations    | |  4.7

Action                   |  1- 3 |  4- 6 || total
-------------------------+-------+-------++-------
Melee: Hand axe          |    92 |    65 ||   157
       Bite              |     9 |    10 ||    19
Throw: Dart              |       |     5 ||     5
Invok: Depart the Abyss  |     1 |       ||     1
  Use: Scroll            |     4 |     3 ||     7
 Stab: Sleeping          |     1 |       ||     1
Armor: Leather armour    |    37 |    27 ||    64
Dodge: Dodged            |    85 |    81 ||   166

Table legend: (Time is in decaauts)
 A = Elapsed time spent in this place.
 B = Non-inter-level travel time spent in this place.
 C = Inter-level travel time spent in this place.
 D = Time resting spent in this place.
 E = Time spent auto-exploring this place.
 F = Levels seen in this place.
 G = Mean time per level.
                   A        B        C        D        E       F      G
               +--------+--------+--------+--------+--------+-----+--------+
         Total |   2765 |   2718 |     47 |    736 |   1355 |   4 |  691.2 |
       Dungeon |   2600 |   2553 |     47 |    736 |   1277 |   3 |  866.7 |
         Abyss |    165 |    165 |      0 |      0 |     78 |   1 |  165.0 |
               +--------+--------+--------+--------+--------+-----+--------+

Top non-repeatable levels by time:
     D:2: 1358 daAuts
     D:1: 759 daAuts
     D:3: 483 daAuts
 Abyss:1: 165 daAuts
